Map: Pendiente de Agustín EE

Players

TATORREA

  • Race: Protoss Protoss
  • League: Gold
  • Spawn Location: 6:00

tigro

  • Race: Terran Terran
  • League: Bronze
  • Spawn Location: 6:00

MrFercho

  • Race: Zerg Zerg
  • League: Gold
  • Spawn Location: 5:00

alivankeroze - Winner!

  • Race: Protoss Protoss
  • Spawn Location: 12:00

Inarus - Winner!

  • Race: Protoss Protoss
  • League: Silver
  • Spawn Location: 11:00

Zera - Winner!

  • Race: Protoss Protoss
  • Spawn Location: 12:00

VOD

Have the link to the VOD?

Description

Time

  • Played on: Aug. 3, 2020, 9:13 p.m.
  • Length: 17:06
Show
View Real Time Build Order
Export as new Build Order

TATORREA Protoss 

Build Orders: Archon Immortal 

Get SALT Encoding   

  12  0:04  Probe  
  13  0:16  Probe  
  15  0:28  Probe  
  15  0:29  Pylon  
  15  0:47  Probe  
  16  0:52  Gateway  
  16  0:59  Probe  
  17  1:11  Probe  
  18  1:27  Probe  
  18  1:32  Assimilator  
  19  1:39  Probe  
  20  1:48  Gateway  
  20  1:50  Gateway  
  20  1:52  Probe  
  21  2:04  Probe  
  21  2:05  Assimilator  
  22  2:08  Pylon  
  22  2:10  Cybernetics Core  
  22  2:13  Pylon  
  22  2:16  Probe  
  23  2:28  Probe  
  24  2:40  Probe  
  25  2:52  Nexus  
  25  2:55  Pylon  
  25  2:58  Pylon  
  25  3:03  Twilight Council  
  25  3:04  Probe  
  26  3:11  Warp Gate  
  26  3:16  Probe  
  27  3:28  Probe  
  28  3:35  Stalker x2  
  28  3:39  Stalker  
  28  3:41  Charge (Chrono Boost), Probe  
  35  3:53  Probe  
  36  4:05  Robotics Facility, Probe  
  36  4:06  Probe  
  38  4:14  Zealot  
  40  4:17  Probe  
  40  4:18  Probe  
  40  4:19  Zealot  
  44  4:24  Zealot  
  44  4:29  Probe  
  47  4:32  Assimilator  
  47  4:34  Assimilator  
  47  4:35  Probe  
  48  4:41  Probe  
  49  4:47  Probe  
  50  4:53  Probe  
  50  4:55  Gateway  
  50  4:57  Forge  
  51  5:03  Immortal  
  51  5:04  Probe  
  56  5:10  Probe  
  57  5:16  Probe, Zealot  
  57  5:17  Zealot  
  57  5:21  Zealot  
  64  5:22  Probe  
  65  5:31  Blink  
  65  5:32  Probe  
  66  5:43  Sentry  
  66  5:44  Sentry  
  70  5:56  Nexus  
  70  6:03  Pylon  
  70  6:06  Pylon  
  70  6:21  Probe x2  
  70  6:22  Immortal  
  70  6:24  Zealot x3  
  70  6:25  Zealot  
  84  6:33  Probe x2  
  64  7:01  Stalker x4  
  56  7:03  Probe x2  
  56  7:04  Protoss Ground Weapons Level 1 (Chrono Boost)  
  62  7:15  Immortal, Probe x2  
  68  7:23  Probe  
  68  7:26  Stargate  
  68  7:27  Probe x2  
  68  7:28  Stargate  
  71  7:34  Templar Archives  
  71  7:35  Assimilator, Probe  
  72  7:37  Assimilator  
  72  7:42  Pylon  
  72  7:46  Pylon  
  72  7:55  Pylon  
  72  7:57  Immortal  
  76  7:59  Pylon  
  76  8:00  Probe x3  
  79  8:08  Pylon  
  79  8:10  Stalker  
  79  8:11  Gateway  
  79  8:12  Stalker, Probe x3  
  86  8:13  Gateway  
  86  8:24  Probe x3  
  89  8:32  Nexus  
  89  8:33  Pylon  
  89  8:36  Pylon  
  89  8:49  Probe x2  
  89  8:50  Probe  
  89  8:53  Stalker  
  89  8:54  Stalker x3  
  100  8:58  Phoenix  
  100  9:01  Phoenix, Probe x2  
  100  9:02  Probe  
  107  9:10  Fleet Beacon  
  107  9:18  Protoss Ground Weapons Level 2 (Chrono Boost)  
  107  9:22  Assimilator, Probe x3  
  110  9:28  Assimilator  
  110  9:30  Phoenix x2  
  114  9:34  Immortal  
  118  9:40  Psionic Storm  
  118  9:45  High Templar x2  
  122  9:46  High Templar x2  
  122  9:47  High Templar  
  122  9:48  High Templar  
  122  9:50  Archon  
  122  9:51  Archon  
  130  9:52  Archon  
  130  10:06  Anion Pulse-Crystals (Chrono Boost)  
  130  10:12  Phoenix x2  
  134  10:15  Immortal  
  138  10:26  Probe x3  
  138  10:27  Probe  
  142  10:30  Stalker  
  142  10:31  Stalker x3  
  142  10:32  Stalker x2  
  154  10:38  Probe  
  154  10:42  Gateway  
  155  10:44  Gateway  
  155  10:47  Gateway  
  155  10:50  Gateway  
  155  10:53  Gateway  
  155  10:54  Observer  
  156  10:57  Gateway  
  152  11:05  Gateway  
  92  11:22  Stalker x2  
  92  11:23  Stalker x4  
  96  11:30  Phoenix x2  
  100  11:44  Protoss Air Weapons Level 1 (Chrono Boost)  
  100  11:48  Stalker  
  100  11:49  Stalker x5  
  100  11:50  Stalker x3  
  100  11:51  Stalker  
  100  11:52  Stalker  
  122  11:55  Phoenix x2  
  122  11:58  Forge  
  122  12:00  Forge  
  126  12:02  Pylon  
  126  12:07  Pylon  
  126  12:11  Pylon  
  126  12:13  Protoss Ground Weapons Level 3 (Chrono Boost)  
  126  12:18  Pylon  
  126  12:19  Phoenix  
  126  12:20  Phoenix  
  126  12:22  Pylon  
  130  12:23  Stalker x2  
  130  12:24  Stalker x3  
  130  12:25  High Templar  
  130  12:26  High Templar x2  
  146  12:30  High Templar  
  146  12:33  Pylon, Archon  
  146  12:34  Archon  
  148  12:55  Observer  
  148  12:56  Protoss Ground Armor Level 1 (Chrono Boost), Protoss Shields Level 1 (Chrono Boost)  
  148  12:57  Phoenix x2  
  153  13:05  Unknown  
  153  13:10  Stalker x2  
  153  13:11  Stalker, High Templar  
  161  13:15  Stalker  
  161  13:16  Zealot  
  161  13:17  Zealot x5  
  161  13:18  Zealot x2  
  179  13:42  Protoss Air Weapons Level 2 (Chrono Boost)  
  179  14:02  Nexus  
  179  14:03  Pylon  
  179  14:07  Stalker x3, Pylon  
  179  14:08  Stalker x5  
  179  14:09  Stalker x2  
  199  14:24  Gateway  
  199  14:34  Gateway  
  199  14:37  Gateway  
  199  14:39  Gateway  
  197  14:54  Gateway  
  197  14:56  Gateway  
  197  14:59  Gateway, Assimilator  
  163  15:03  Gateway  
  163  15:04  Assimilator  
  79  15:15  Stalker  
  79  15:16  Stalker x5  
  79  15:17  Stalker x5  
  79  15:18  Stalker x2  
  105  15:24  Tempest  
  105  15:25  Carrier  
  116  15:39  Stalker x3  
  116  15:40  Stalker x5  
  116  15:41  Stalker x3  
  116  15:42  Stalker x2  
  134  15:43  Stalker x3  
  134  15:44  Stalker  
  76  16:12  Stalker x2  
  76  16:13  Stalker x2  
  76  16:14  Stalker x4  
  76  16:15  Stalker x3  
  76  16:16  Stalker x3  
  76  16:17  Stalker  
Show
View Real Time Build Order
Export as new Build Order

tigro Terran 

Build Orders:  

Get SALT Encoding   

  12  0:13  Supply Depot, SCV  
  13  0:25  SCV  
  14  0:37  SCV  
  14  0:38  Barracks  
  15  0:49  SCV  
  16  0:57  Refinery  
  16  1:01  SCV  
  17  1:13  SCV  
  18  1:25  SCV  
  18  1:27  Marine  
  20  1:35  Refinery  
  20  1:37  SCV  
  21  1:44  Marine  
  21  1:45  Supply Depot  
  22  1:50  SCV  
  23  2:07  Marine, SCV  
  25  2:10  Engineering Bay  
  25  2:19  SCV  
  26  2:24  Marine  
  26  2:27  Factory  
  27  2:35  Orbital Command  
  27  2:42  Marine  
  28  3:04  Barracks Tech Lab  
  28  3:22  Factory Tech Lab  
  28  3:34  Combat Shield  
  28  3:35  Command Center  
  28  3:36  Marine  
  29  3:43  Siege Tank  
  32  3:54  Marine  
  33  4:01  Missile Turret  
  33  4:12  Marine  
  33  4:15  Siege Tank  
  37  4:19  Terran Infantry Weapons Level 1  
  37  4:26  Missile Turret  
  37  4:29  Marine  
  38  4:47  Marine, Missile Turret  
  39  4:53  Stimpack  
  39  4:58  Refinery, SCV  
  40  5:10  SCV  
  40  5:11  Marine  
  40  5:12  Starport  
  42  5:17  Missile Turret  
  42  5:22  SCV  
  43  5:29  Marine  
  43  5:35  Refinery, SCV  
  45  5:46  Marine  
  45  5:47  SCV  
  47  5:51  Medivac  
  49  5:59  SCV  
  49  6:00  Armory  
  50  6:04  Marine  
  50  6:11  SCV  
  52  6:13  Terran Infantry Armor Level 1  
  52  6:22  Marine  
  52  6:24  Starport Tech Lab  
  53  6:37  Siege Tank  
  56  6:40  Marine  
  56  6:45  SCV  
  58  6:51  Barracks  
  58  6:57  Supply Depot, SCV  
  58  6:58  Marine  
  60  7:10  SCV  
  61  7:16  Marine  
  61  7:20  Supply Depot  
  61  7:22  SCV  
  63  7:33  Marine  
  63  7:34  SCV  
  65  7:46  SCV  
  66  7:51  Marine  
  66  7:53  Barracks Reactor, Missile Turret  
  67  8:07  Neosteel Armor  
  67  8:08  Terran Vehicle Weapons Level 1  
  67  8:15  Missile Turret  
  67  8:26  SCV  
  68  8:38  SCV  
  68  8:39  Missile Turret  
  69  8:49  Fusion Core  
  69  8:50  SCV  
  70  9:00  Marine x3  
  70  9:02  SCV  
  74  9:13  Missile Turret  
  74  9:14  SCV  
  75  9:18  Marine x3  
  78  9:29  Thor  
  84  9:35  Missile Turret  
  84  9:36  Marine x3  
  87  9:44  Supply Depot  
  87  9:47  Hi-Sec Auto Tracking  
  87  9:49  Command Center  
  87  9:53  Marine  
  87  9:54  Marine x2  
  90  10:02  Missile Turret  
  90  10:03  Terran Vehicle And Ship Armor Level 1  
  90  10:08  Supply Depot  
  90  10:12  Thor  
  95  10:33  Missile Turret  
  80  10:44  Terran Infantry Weapons Level 2  
  73  10:56  Marine x3, Missile Turret  
  63  10:58  Thor  
  68  11:14  Marine x3  
  65  11:27  Medivac  
  65  11:32  Marine x3  
  70  11:35  Refinery  
  70  11:36  SCV  
  71  11:40  Weapon Refit  
  71  11:41  Thor  
  77  11:48  SCV  
  77  11:49  Marine  
  77  11:50  Marine x2  
  81  11:57  Terran Ship Weapons Level 1  
  81  11:58  Battlecruiser  
  81  12:00  SCV  
  88  12:08  Marine  
  89  12:13  SCV  
  90  12:24  Thor  
  90  12:25  SCV  
  97  12:59  Terran Infantry Armor Level 2  
  97  13:02  Battlecruiser  
  103  13:07  Thor  
  109  13:14  Missile Turret  
  109  13:20  Rapid Reignition System  
  109  13:26  SCV  
  110  13:32  Refinery  
  110  13:34  Missile Turret  
  110  13:38  SCV  
  111  13:50  SCV  
  111  13:51  Terran Vehicle Weapons Level 2  
  112  13:56  Missile Turret  
  112  14:02  SCV  
  113  14:06  Battlecruiser  
  119  14:14  SCV  
  120  14:18  Missile Turret  
  120  14:38  Missile Turret  
  120  14:59  Missile Turret  
  97  15:10  Battlecruiser  
  69  15:14  Marine x3  
  72  15:22  Missile Turret  
  72  15:25  Command Center  
  72  15:31  Thor, Starport  
  72  15:32  Marine x3  
  81  15:49  Marine  
  74  15:50  Marine x2  
  72  16:00  Missile Turret  
  49  16:13  Starport Tech Lab  
Show
View Real Time Build Order
Export as new Build Order

MrFercho Zerg 

Build Orders: Pool First, Lurkers 

Get SALT Encoding   

  12  0:18  Spawning Pool  
  11  0:33  Drone x3  
  14  0:44  Overlord  
  14  1:05  Zergling x2  
  14  1:09  Zergling x2  
  16  1:16  Drone  
  17  1:43  Drone  
  17  1:44  Drone  
  19  1:56  Drone  
  19  1:59  Hatchery  
  19  2:04  Overlord  
  19  2:10  Extractor, Drone  
  19  2:44  Drone x3  
  19  2:50  Queen  
  24  3:03  Zergling x2  
  25  3:26  Drone  
  29  3:27  Drone x3  
  29  3:31  Drone  
  29  3:32  Queen x2  
  34  3:35  Drone  
  34  3:38  Metabolic Boost  
  34  3:39  Drone  
  36  3:48  Overlord  
  36  3:58  Overlord x2  
  36  4:07  Drone  
  36  4:08  Drone  
  38  4:11  Queen  
  38  4:16  Drone  
  38  4:17  Drone x3  
  42  4:23  Drone x2  
  46  4:28  Drone  
  47  4:32  Hatchery  
  47  4:34  Overlord  
  47  4:36  Drone  
  47  4:41  Drone  
  47  4:42  Drone x2  
  50  4:56  Drone x5  
  55  5:09  Evolution Chamber  
  55  5:10  Lair, Baneling Nest  
  53  5:20  Extractor  
  52  5:28  Drone x7  
  52  5:35  Overlord  
  59  5:36  Overlord x2  
  59  5:37  Overlord  
  59  5:46  Zerg Melee Weapons Level 1  
  59  5:50  Zergling x12  
  65  5:58  Pneumatized Carapace  
  65  6:00  Drone x2  
  67  6:12  Zergling x10  
  58  7:04  Zergling x2  
  58  7:05  Zergling x30  
  74  7:15  Extractor  
  73  7:18  Hatchery  
  72  7:26  Evolution Chamber  
  72  7:27  Hydralisk Den  
  72  7:28  Drone  
  71  7:32  Drone  
  71  7:33  Extractor  
  71  7:34  Drone  
  71  7:35  Drone x2  
  74  7:38  Drone x3  
  74  7:39  Drone x6  
  74  7:40  Queen  
  85  7:49  Baneling x4  
  85  7:50  Baneling x12  
  85  7:59  Spore Crawler  
  85  8:01  Spore Crawler  
  85  8:03  Drone x2  
  85  8:04  Spore Crawler  
  85  8:05  Zerg Missile Weapons Level 1  
  84  8:08  Drone x3  
  87  8:24  Zerg Ground Armor Level 1  
  87  8:33  Grooved Spines  
  87  8:39  Extractor, Overlord x3  
  87  8:40  Extractor  
  85  8:53  Drone x2  
  85  8:54  Drone  
  88  9:02  Spore Crawler  
  87  9:03  Spore Crawler  
  87  9:04  Spore Crawler  
  85  9:16  Drone x2  
  87  9:20  Hydralisk x8  
  103  9:26  Drone x2  
  103  9:27  Drone  
  106  9:40  Zergling x10, Spire  
  106  9:41  Zergling x20  
  106  9:45  Muscular Augments  
  120  9:47  Hatchery  
  120  9:51  Drone  
  120  10:01  Zerg Missile Weapons Level 2  
  120  10:12  Lurker Den  
  117  10:49  Hydralisk  
  94  10:50  Hydralisk x14  
  94  10:51  Hydralisk x4  
  94  10:54  Overlord x3  
  110  11:22  Infestation Pit  
  110  11:25  Drone x12  
  118  11:26  Drone x5  
  126  11:42  Extractor  
  126  11:45  Extractor  
  124  11:49  Zerg Flyer Armor Level 1  
  124  11:55  Spire  
  124  11:59  Drone x2  
  125  12:01  Nydus Network  
  124  12:10  Drone x3  
  127  12:20  Hive  
  127  12:33  Zerg Ground Armor Level 2  
  115  12:44  Overseer x3  
  115  12:49  Hatchery  
  114  12:54  Spore Crawler  
  114  12:57  Spine Crawler x2  
  111  12:59  Drone x4  
  111  13:00  Spine Crawler  
  114  13:09  Spine Crawler  
  113  13:16  Spine Crawler  
  112  13:20  Zergling x2  
  112  13:21  Zergling x40  
  112  13:22  Zergling x48  
  112  13:24  Hydralisk x4  
  165  13:27  Overlord x2  
  165  13:32  Seismic Spines  
  165  13:38  Overlord x2  
  165  13:43  Burrow  
  165  14:06  Hydralisk x13  
  165  14:07  Hydralisk x3  
  188  14:29  Adaptive Talons  
  188  14:36  Baneling  
  188  14:37  Baneling x17  
  188  14:40  Lurker x8  
  188  14:44  Overlord x7  
  105  15:27  Corruptor x5  
  105  15:28  Corruptor x13  
  141  15:36  Viper  
  144  16:00  Viper  
  144  16:01  Viper  
  150  16:24  Extractor  
  143  16:26  Extractor  
Show
View Real Time Build Order
Export as new Build Order

alivankeroze Protoss - Winner!

Build Orders: Carriers 

Get SALT Encoding   

  12  0:01  Probe  
  13  0:16  Pylon  
  13  0:22  Probe (Chrono Boost)  
  14  0:34  Probe (Chrono Boost)  
  15  0:42  Gateway, Probe (Chrono Boost)  
  16  0:54  Assimilator  
  16  1:03  Probe  
  17  1:15  Probe  
  18  1:38  Forge  
  18  1:41  Pylon  
  18  1:43  Probe  
  19  1:53  Nexus  
  18  2:20  Probe (Chrono Boost)  
  18  2:22  Nexus  
  20  2:31  Probe (Chrono Boost)  
  20  2:39  Photon Cannon  
  20  2:46  Photon Cannon  
  20  2:53  Pylon  
  20  2:56  Probe (Chrono Boost)  
  21  3:03  Assimilator  
  21  3:09  Probe (Chrono Boost)  
  23  3:13  Probe (Chrono Boost)  
  23  3:18  Probe (Chrono Boost)  
  24  3:21  Probe (Chrono Boost)  
  24  3:30  Photon Cannon  
  24  3:38  Probe  
  25  3:43  Probe  
  25  3:46  Probe  
  27  3:50  Probe  
  27  3:55  Probe  
  29  4:00  Cybernetics Core  
  30  4:02  Probe  
  30  4:06  Probe  
  30  4:09  Probe  
  32  4:15  Probe  
  33  4:18  Probe  
  33  4:20  Cybernetics Core  
  33  4:21  Probe  
  35  4:27  Probe  
  35  4:30  Probe  
  37  4:33  Probe  
  37  4:37  Pylon  
  38  4:39  Probe  
  38  4:40  Pylon  
  38  4:43  Probe  
  40  4:45  Probe  
  40  4:51  Probe  
  42  4:55  Probe  
  42  4:56  Assimilator  
  42  4:57  Assimilator  
  42  4:58  Probe  
  44  5:02  Assimilator  
  44  5:03  Probe  
  44  5:06  Pylon  
  45  5:09  Assimilator  
  45  5:15  Pylon  
  45  5:16  Probe  
  45  5:19  Probe  
  45  5:21  Probe  
  48  5:26  Stargate  
  48  5:29  Probe  
  48  5:31  Probe  
  48  5:33  Probe  
  48  5:34  Stargate  
  51  5:37  Stargate  
  51  5:41  Probe, Stargate  
  52  5:43  Probe  
  52  5:45  Stargate  
  52  5:49  Stargate  
  53  5:53  Probe  
  53  5:55  Photon Cannon, Probe  
  55  6:05  Probe  
  55  6:07  Probe  
  57  6:17  Probe  
  58  6:20  Void Ray (Chrono Boost)  
  58  6:21  Void Ray (Chrono Boost)  
  58  6:22  Void Ray (Chrono Boost)  
  70  6:29  Probe  
  70  6:32  Void Ray (Chrono Boost)  
  75  6:41  Probe  
  76  6:50  Void Ray (Chrono Boost)  
  76  6:53  Probe  
  81  7:04  Void Ray x2  
  89  7:34  Probe (Chrono Boost)  
  90  7:39  Nexus  
  90  7:42  Protoss Shields Level 1  
  90  7:43  Pylon  
  91  7:44  Probe (Chrono Boost)  
  91  7:45  Pylon  
  91  7:47  Pylon, Fleet Beacon  
  91  7:49  Pylon, Probe (Chrono Boost)  
  92  8:00  Protoss Air Weapons Level 1 (Chrono Boost), Probe  
  92  8:01  Protoss Air Armor Level 1 (Chrono Boost)  
  93  8:09  Void Ray x3  
  93  8:12  Probe  
  106  8:18  Photon Cannon  
  106  8:21  Photon Cannon  
  106  8:23  Photon Cannon  
  106  8:25  Photon Cannon  
  106  8:27  Photon Cannon  
  106  8:29  Photon Cannon  
  106  8:31  Photon Cannon  
  106  8:35  Photon Cannon  
  106  8:37  Photon Cannon  
  106  8:38  Photon Cannon  
  106  8:40  Photon Cannon  
  106  8:46  Carrier  
  118  8:48  Carrier  
  118  8:54  Pylon  
  118  8:56  Probe  
  118  9:02  Assimilator  
  119  9:04  Assimilator  
  119  9:08  Probe  
  120  9:12  Carrier  
  120  9:16  Carrier  
  132  9:20  Probe  
  132  9:21  Probe  
  132  9:23  Probe  
  135  9:32  Probe  
  135  9:33  Probe  
  135  9:35  Probe  
  138  9:45  Probe  
  140  9:57  Probe  
  140  10:16  Carrier x2  
  152  10:24  Unknown  
  152  10:48  Protoss Air Armor Level 2  
  152  10:50  Protoss Air Weapons Level 2  
  152  11:05  Carrier  
  152  11:07  Carrier  
  156  11:31  Pylon  
  156  11:33  Pylon  
  156  11:36  Pylon  
  156  11:38  Pylon  
  156  11:40  Pylon  
  156  11:43  Pylon  
  156  11:49  Tempest  
  156  11:51  Tempest x2  
  171  11:54  Tempest  
  176  12:09  Tempest  
  176  12:11  Tempest  
  186  12:26  Twilight Council  
  186  12:32  Mothership (Chrono Boost)  
  186  12:34  Tempest  
  199  12:53  Protoss Shields Level 2  
  199  13:20  Protoss Air Armor Level 3 (Chrono Boost)  
  199  13:21  Protoss Air Weapons Level 3 (Chrono Boost)  
  199  13:44  Nexus  
  199  13:55  Photon Cannon  
  199  13:59  Photon Cannon  
  199  14:02  Photon Cannon  
  199  14:04  Photon Cannon, Pylon  
  199  14:07  Pylon  
Show
View Real Time Build Order
Export as new Build Order

Inarus Protoss - Winner!

Build Orders: Carriers 

Get SALT Encoding   

  12  0:01  Probe  
  13  0:22  Pylon  
  13  0:24  Probe  
  14  0:46  Gateway  
  14  0:49  Probe  
  15  0:58  Assimilator  
  15  1:02  Probe  
  16  1:12  Forge  
  16  1:14  Probe  
  17  1:37  Zealot  
  19  1:45  Probe, Nexus  
  20  2:01  Probe  
  21  2:05  Cybernetics Core  
  21  2:12  Photon Cannon  
  21  2:19  Probe  
  22  2:23  Pylon  
  22  2:39  Probe  
  22  2:43  Stalker (Chrono Boost)  
  25  2:47  Pylon  
  25  2:49  Assimilator  
  25  2:52  Probe  
  26  3:02  Probe  
  27  3:08  Photon Cannon  
  27  3:12  Photon Cannon  
  27  3:13  Probe  
  28  3:27  Probe x2  
  30  3:32  Pylon  
  30  3:35  Assimilator  
  30  3:39  Assimilator  
  30  3:49  Stargate  
  30  3:52  Stargate  
  30  3:56  Probe x2  
  32  4:04  Photon Cannon  
  32  4:09  Probe  
  34  4:10  Probe  
  34  4:18  Zealot  
  36  4:35  Void Ray (Chrono Boost), Probe  
  36  4:36  Probe  
  38  4:39  Shield Battery  
  38  4:43  Shield Battery  
  42  4:46  Void Ray (Chrono Boost)  
  46  4:57  Probe x2  
  48  5:13  Photon Cannon  
  48  5:16  Probe x2  
  48  5:19  Void Ray (Chrono Boost)  
  50  5:26  Void Ray (Chrono Boost)  
  58  5:56  Probe x2  
  60  6:01  Nexus  
  60  6:10  Pylon, Probe  
  60  6:11  Probe  
  62  6:12  Pylon  
  62  6:28  Void Ray  
  62  6:31  Pylon  
  62  6:32  Probe x2  
  68  6:34  Pylon  
  67  6:42  Pylon  
  67  6:49  Probe  
  68  7:19  Nexus  
  68  7:20  Pylon  
  68  7:22  Pylon  
  68  7:24  Pylon  
  68  7:25  Probe x2  
  68  7:27  Pylon  
  70  7:31  Assimilator  
  70  7:34  Assimilator  
  70  7:38  Pylon, Probe  
  70  7:39  Probe  
  72  7:51  Shield Battery  
  72  7:53  Shield Battery  
  72  7:57  Photon Cannon  
  72  8:00  Photon Cannon  
  72  8:02  Void Ray x2  
  72  8:03  Photon Cannon  
  72  8:05  Photon Cannon, Probe x2  
  82  8:17  Probe  
  83  8:30  Probe  
  83  8:31  Probe x2  
  86  8:36  Stargate  
  86  8:39  Fleet Beacon  
  86  8:41  Robotics Facility  
  86  8:44  Probe x2  
  86  8:45  Probe  
  89  8:52  Void Ray x2  
  97  9:02  Twilight Council  
  97  9:08  Probe x3  
  97  9:09  Protoss Shields Level 1 (Chrono Boost)  
  100  9:13  Cybernetics Core  
  100  9:15  Protoss Air Weapons Level 1  
  100  9:22  Probe  
  100  9:23  Probe x2  
  103  9:25  Carrier  
  109  9:33  Observer  
  110  9:39  Carrier  
  116  9:54  Observer  
  117  10:10  Carrier  
  123  10:16  Observer  
  120  10:37  Observer  
  95  10:56  Carrier x2  
  103  10:58  Observer  
  104  11:15  Carrier  
  110  11:26  Stargate  
  110  11:30  Stargate  
  110  11:34  Observer  
  110  11:36  Stargate  
  110  12:00  Carrier  
  116  12:08  Nexus  
  116  12:10  Assimilator  
  116  12:14  Assimilator, Carrier  
  122  12:16  Pylon  
  122  12:18  Pylon  
  122  12:20  Pylon  
  122  12:22  Pylon  
  122  12:34  Carrier  
  122  12:36  Carrier  
  132  12:59  Observer  
  132  13:00  Carrier x2  
  132  13:04  Carrier  
  151  13:18  Protoss Air Weapons Level 2 (Chrono Boost)  
  151  13:20  Observer  
  151  13:26  Protoss Air Armor Level 1  
  152  13:31  Photon Cannon  
  152  13:32  Photon Cannon  
  152  13:34  Probe x3  
  154  13:35  Photon Cannon  
  154  13:38  Photon Cannon, Probe  
  154  13:40  Photon Cannon, Carrier  
  162  13:41  Photon Cannon  
  162  13:42  Carrier  
  162  13:46  Probe x3  
  171  13:51  Observer  
  172  14:05  Pylon  
  172  14:09  Pylon  
  172  14:12  Pylon  
  172  14:19  Pylon  
  172  14:23  Carrier, Observer  
  179  14:27  Carrier  
  185  14:39  Carrier  
  185  15:19  Carrier  
  185  15:20  Carrier  
Show
View Real Time Build Order
Export as new Build Order

Zera Protoss - Winner!

Build Orders:  

Get SALT Encoding   

  12  0:08  Probe  
  13  0:15  Pylon  
  13  0:20  Probe  
  14  0:35  Gateway  
  14  0:37  Probe  
  15  0:47  Assimilator  
  15  0:53  Probe (Chrono Boost)  
  16  1:00  Probe (Chrono Boost)  
  17  1:07  Probe  
  18  1:19  Probe  
  18  1:25  Cybernetics Core  
  19  1:31  Probe, Zealot  
  22  1:48  Forge  
  22  1:50  Probe  
  22  1:53  Assimilator  
  23  2:02  Pylon  
  23  2:20  Warp Gate (Chrono Boost), Probe, Zealot  
  26  2:29  Gateway  
  26  2:32  Gateway  
  26  2:33  Gateway, Probe  
  27  3:03  Pylon, Protoss Ground Weapons Level 1 (Chrono Boost)  
  27  3:05  Pylon  
  27  3:16  Pylon  
  27  3:26  Nexus  
  27  3:38  Zealot  
  31  3:48  Zealot  
  31  3:50  Zealot  
  33  3:56  Probe  
  34  4:05  Zealot  
  34  4:08  Probe  
  37  4:19  Photon Cannon  
  37  4:21  Probe  
  38  4:30  Photon Cannon  
  38  4:33  Probe  
  39  4:45  Stalker x2  
  43  4:49  Probe (Chrono Boost)  
  45  5:00  Probe (Chrono Boost)  
  45  5:05  Probe (Chrono Boost)  
  46  5:13  Robotics Facility  
  46  5:14  Probe  
  47  5:15  Probe  
  48  5:26  Probe  
  48  5:27  Twilight Council  
  48  5:28  Probe  
  50  5:31  Stalker  
  50  5:32  Zealot  
  50  5:35  Sentry  
  56  5:38  Probe  
  56  5:40  Probe  
  58  5:47  Protoss Ground Armor Level 1 (Chrono Boost)  
  58  5:52  Probe  
  59  6:02  Probe  
  60  6:04  Probe  
  60  6:07  Assimilator  
  60  6:09  Assimilator  
  61  6:13  Charge (Chrono Boost)  
  61  6:14  Probe  
  61  6:16  Probe  
  63  6:24  Stalker x2  
  63  6:25  Stalker  
  69  6:26  Probe  
  70  7:14  Pylon  
  70  7:15  Pylon  
  70  7:17  Pylon x2  
  70  7:18  Pylon  
  70  7:20  Pylon  
  70  7:21  Pylon  
  70  7:32  Probe x2  
  70  7:33  Forge  
  70  7:34  Forge  
  72  7:41  Photon Cannon  
  72  7:44  Probe  
  72  7:49  Immortal  
  77  8:00  Protoss Ground Weapons Level 2 (Chrono Boost)  
  77  8:12  Templar Archives  
  77  8:17  Dark Shrine  
  77  8:29  Immortal  
  77  8:31  Stalker x3  
  77  8:32  Stalker  
  89  8:36  Protoss Ground Armor Level 2 (Chrono Boost)  
  89  8:37  Protoss Shields Level 1 (Chrono Boost), Nexus  
  89  9:01  Pylon  
  89  9:08  Observer  
  90  9:28  Robotics Facility, High Templar x3  
  90  9:29  High Templar, Observer  
  99  9:42  Psionic Storm  
  99  9:51  Observer  
  100  9:53  Photon Cannon, Probe  
  101  10:05  Probe  
  102  10:12  Observer  
  103  10:17  Probe, Zealot x3  
  103  10:18  Zealot  
  112  10:24  Photon Cannon  
  111  10:29  Probe  
  111  10:34  Observer  
  113  10:42  Probe  
  79  11:28  Nexus  
  79  11:32  Photon Cannon  
  79  11:34  Photon Cannon  
  79  11:35  Photon Cannon  
  79  11:36  Photon Cannon  
  79  11:38  Photon Cannon  
  79  11:39  Pylon  
  79  11:41  Protoss Ground Armor Level 3, Photon Cannon x2  
  79  11:43  Protoss Shields Level 2  
  79  11:44  Protoss Ground Weapons Level 3  
  79  11:48  Immortal (Chrono Boost)  
  83  12:01  Dark Templar x2  
  83  12:02  Dark Templar  
  83  12:04  Dark Templar  
  91  12:20  Assimilator, Immortal  
  91  12:22  Assimilator  
  87  12:48  Probe (Chrono Boost)  
  89  12:59  Probe (Chrono Boost), Zealot x4  
  89  13:03  Immortal, Probe (Chrono Boost)  
  101  13:15  Probe  
  102  13:27  Probe  
  103  13:39  Probe  
  104  13:43  Immortal  
  104  13:44  High Templar  
  104  13:45  High Templar x3  
  116  13:51  Probe  
  117  14:01  Immortal  
  121  14:03  Gateway, Probe  
  121  14:04  Gateway  
  121  14:06  Gateway  
  121  14:07  Gateway  
  122  14:15  Probe  
  123  14:27  Probe  
  124  14:33  Photon Cannon  
  124  14:37  Dark Templar  
  124  14:38  Dark Templar x2  
  128  14:39  Dark Templar, Probe  
  128  14:40  Immortal  
  128  14:42  Photon Cannon  
  137  14:53  Pylon  
  137  14:55  Pylon x2  
  137  14:57  Pylon  
  137  14:58  Pylon  
  111  15:24  High Templar x3  
  111  15:25  High Templar x4  
  125  15:39  Immortal x2  
  133  15:48  Zealot  
  135  15:56  Zealot  
  135  15:57  Zealot  
  139  16:05  Zealot  
  139  16:06  Zealot x2  
  139  16:07  Zealot  
  139  16:09  Zealot  
Tags
 
Add a new tag
Caveats
  • Supply blocks, unpowered buildings, or Contaminate may cause inaccurate times.
  • Supply counts are checked every 10 seconds.